 Dungeon Crawl Stone Soup version 0.31.0-11-ge490571c62 (webtiles) character file.

Game seed: 8011861210747783469

43 qw the Shooter (level 3, 0/20 HPs)
             Began as a Deep Elf Hunter on Feb 5, 2024.
             Slain by Terence
             ... wielding a +0 hand axe
              (3 damage)
             ... on level 2 of the Dungeon.
             The game lasted 00:00:49 (1105 turns).

qw the Shooter (Deep Elf Hunter)                    Turns: 1105, Time: 00:00:49

Health: 0/20       AC:  6    Str: 10    XL:     3   Next: 37%
Magic:  5/5        EV: 11    Int: 13    God:
Gold:   81         SH:  0    Dex: 18    Spells: 2/2 levels left

rFire   . . .        a - +0 shortbow
rCold   + + .        (shield currently unavailable)
rNeg    . . .        d - +1 ring mail
rPois   .            (no helmet)
rElec   .            (no cloak)
rCorr   .            (no gloves)
SInv    .            (no boots)
Will    .....        c - amulet "Loaneblau" {Faith +Blink rC++}
Stlth   +            (no ring)
HPRegen 0.23/turn    (no ring)
MPRegen 0.09/turn

%: faith
@: about to teleport
A: no striking features
a: Evoke Blink


You were on level 2 of the Dungeon.
You visited 1 branch of the dungeon, and saw 2 of its levels.

You collected 81 gold pieces.


   Skills:
 - Level 1.5 Fighting
 + Level 6.9 Ranged Weapons
 - Level 2.4 Dodging
 - Level 1.2 Stealth


You had 2 spell levels left.
You didn't know any spells.
Your spell library was empty.

Inventory:

Hand Weapons
 a - a +0 shortbow (weapon)
Armour
 d - a +1 ring mail (worn)
Jewellery
 c - the amulet "Loaneblau" (around neck) {Faith +Blink rC++}
   (You acquired it on level 1 of the Dungeon)

   [amulet of faith]

   Faith:     It allows you to gain divine favour quickly.
   rC++:      It greatly protects you from cold.
   +Blink:    It lets you blink.
Scrolls
 e - a scroll of vulnerability {unknown}
 f - a scroll of identify {unknown}
 g - a scroll of teleportation
Potions
 b - 2 potions of resistance {unknown}
 h - 2 potions of haste {unknown}

Dungeon Overview and Level Annotations

Branches:
Dungeon (2/15)

Altars:

Annotations:
D:2 Terence


Message History

You now have 81 gold pieces (gained 9).
b - 2 bubbling brown potions (gained 1)
You open the door.
There is an open door here.
Terence the Incautious comes into view.
He is wielding a +0 hand axe.
You shoot an arrow.
The arrow hits Terence but does no damage.
Terence shouts!
You shoot an arrow.
The arrow hits Terence but does no damage.
You shoot an arrow. The arrow hits Terence.
Terence is lightly wounded.
You shoot an arrow.
The arrow hits Terence but does no damage.
Terence is lightly wounded.
Terence hits you with a +0 hand axe.
You shoot an arrow. The arrow barely misses Terence.
Terence hits you with a +0 hand axe. x2
You shoot an arrow. The arrow closely misses Terence.
Terence hits you but does no damage.
You shoot an arrow. The arrow barely misses Terence.
Terence shouts, "Get ready for death!"
Terence barely misses you.
You shoot an arrow. The arrow hits Terence!
Terence is heavily wounded.
Terence hits you with a +0 hand axe.
You shoot an arrow.
The arrow hits Terence but does no damage.
Terence is heavily wounded.
Terence hits you with a +0 hand axe.
1104 ||| READING 2 scrolls of teleportation.
As you read the scroll of teleportation, it crumbles to dust.
You feel strangely unstable. Terence hits you but does no damage.
You shoot an arrow.
The arrow hits Terence but does no damage.
Terence is heavily wounded.
Terence hits you with a +0 hand axe.
You die...
Terence says, "That felt goooood."

.............. #.
....>......... #.##
##............ ...
.............. #..
####.####..##### #..
#....#.....<#... #..
#....+......#...
#.@##....####.#.####
#..@..........#.....
#.#....#############
# +....'.......
#....########
#......# #......#
#......# ####...#
#...#


You could see Terence.

Vanquished Creatures
  2 adders (D:2)
  A ribbon worm (D:2)
  2 ball pythons (D:1)
  A bat (D:2)
  An endoplasm (D:1)
  4 giant cockroaches
  2 hobgoblins (D:1)
  4 frilled lizards
  3 kobolds (D:1)
  3 rats
23 creatures vanquished.

Notes
Turn   | Place    | Note
-------+----------+-------------------------------------------
     0 | D:1      | qw the Deep Elf Hunter began the quest for the Orb.
     0 | D:1      | Reached XP level 1. HP: 12/12 MP: 3/3
     0 | D:1      | 0 ||| qw: Version: 0.3-a-160-g6735b56
     0 | D:1      | 0 ||| qw: Game counter: 6533
     0 | D:1      | 0 ||| qw: Melee chars always use a shield: true
     0 | D:1      | 0 ||| qw: God list: Okawaru
     0 | D:1      | 0 ||| qw: Allow faded altars: false
     0 | D:1      | 0 ||| qw: Do Orc after clearing Dungeon:15 true
     0 | D:1      | 0 ||| qw: Do second Lair branch before Depths: true
     0 | D:1      | 0 ||| qw: Lair rune preference: random
     0 | D:1      | 0 ||| qw: Goals: Normal
     0 | D:1      | 0 ||| PLANNING D:1-11
   526 | D:1      | Reached XP level 2. HP: 16/16 MP: 4/4
   538 | D:1      | Reached skill level 6 in Ranged Weapons
   748 | D:1      | 748 ||| UPGRADING to +0 ring mail.
   758 | D:1      | 758 ||| DROPPING +0 leather armour.
   759 | D:1      | 759 ||| READING scroll labelled ZEMUXK REJEMEE.
   764 | D:1      | 764 ||| READING scroll labelled QUIK HUSTOIN.
   764 | D:1      | Identified a scroll of acquirement
   764 | D:1      | 764 ||| ACQUIRING amulet "Loaneblau" {Faith +Blink rC++}
   764 | D:1      | Acquired the amulet "Loaneblau" {Faith +Blink rC++}
   766 | D:1      | 766 ||| UPGRADING to amulet "Loaneblau" {Faith +Blink
                  | rC++}.
   771 | D:1      | 771 ||| READING scroll labelled GANLOTZ SATHIM.
   771 | D:1      | 771 ||| ENCHANTING +0 ring mail.
   772 | D:1      | 772 ||| READING scroll labelled REIPHA NIGYKH.
   773 | D:1      | 773 ||| READING scroll labelled GYSCHO SIXOARO.
   774 | D:1      | 774 ||| DROPPING scroll of butterflies.
   776 | D:1      | 776 ||| Stepping ~*~*~tactically~*~*~ (cloud).
   782 | D:1      | HP: 4/16 [poisoned by you (poison gas)]
   979 | D:2      | Reached XP level 3. HP: 19/20 MP: 5/5
  1094 | D:2      | Noticed Terence
  1103 | D:2      | HP: 3/20 [Terence/+0 hand axe (6)]
  1104 | D:2      | 1104 ||| READING 2 scrolls of teleportation.
  1105 | D:2      | Slain by Terence

Levels and vault maps discovered:
D:1:      dpeg_arrival_orchard, layout_loops_corners, corexii_corridor_pit
D:2:      layout_basic, basic_altar, serial_shops, shop, uniq_terence

Skill      XL: |  1  2 |
---------------+-------+-----
Ranged Weapons | 6 |  6.9
Fighting       | |  1.5
Dodging        | |  2.4
Stealth        | |  1.2

Action                     || total
---------------------------++-------
   Fire: Shortbow          ||    69
    Use: Scroll            ||     6
 Armour: Leather armour    ||     2
         Ring mail         ||    14
  Dodge: Dodged            ||     8

Table legend:
 A = Non-vault XP
 B = Vault XP
 C = Vault XP percentage of total XP
 D = Non-vault monster count
 E = Vault monster count
 F = Vault count percentage of total count
                 A         B        C        D         E       F
            +---------+---------+-------+---------+---------+-------
      Total |      62 |       0 |   0.0 |      23 |       0 |   0.0
            +---------+---------+-------+---------+---------+-------
        D:1 |      18 |       0 |   0.0 |      11 |       0 |   0.0
        D:2 |      44 |       0 |   0.0 |      12 |       0 |   0.0
            +---------+---------+-------+---------+---------+-------
